 Dungeon Crawl Stone Soup version 0.27-a0-1591-gc56fcc985a (webtiles) character file.

Game seed: 14412314824651430500

56 zazu2006 the Magician (level 3, -1/28 HPs)
             Began as a Naga Hedge Wizard on July 20, 2021.
             Slain by Jessica (6 damage)
             ... on level 2 of the Dungeon.
             The game lasted 00:02:44 (1792 turns).

zazu2006 the Magician (Naga Hedge Wizard)           Turns: 1792, Time: 00:02:46

Health: -1/28      AC:  2    Str: 12    XL:     3   Next: 97%
Magic:  1/8        EV: 10    Int: 15    God:
Gold:   49         SH:  0    Dex: 10    Spells: 2/9 levels left

rFire    . . .     SeeInvis +   a - +0 dagger
rCold    . . .     Faith    .   (no shield)
rNeg     . . .     Spirit   .   b - +0 robe
rPois    +         Reflect  .   c - +0 hat
rElec    .         Harm     .   (no cloak)
rCorr    .         Rampage  .   (no gloves)
Will     +....                  (no barding)
Stlth    ++........             (no amulet)
HPRegen  0.09/turn              g - ring of willpower
MPRegen  0.11/turn              (no ring)

@: short of breath, very slightly contaminated, very slow
A: AC +1, large, see invisible, deformed body, poison resistance, slowness 2,
spit poison 1, naga tail 1
a: Spit Poison


You were on level 2 of the Dungeon.
You visited 1 branch of the dungeon, and saw 2 of its levels.

You collected 49 gold pieces.

Inventory:

Hand Weapons
 a - a +0 dagger (weapon)
Missiles
 j - a throwing net
Armour
 b - a +0 robe (worn)
 c - a +0 hat (worn)
Jewellery
 g - a ring of willpower (left hand)
 i - an amulet of magic regeneration
Scrolls
 e - a scroll of identify {unknown}
 f - a scroll of enchant armour {unknown}
 h - a scroll of fog {unknown}
 k - a scroll of silence {unknown}
 l - a scroll of teleportation {unknown}
 n - a scroll of fear {unknown}
Potions
 d - a potion of lignification {unknown}
 m - a potion of magic {unknown}


   Skills:
 + Level 1.8 Dodging
 + Level 3.6 Stealth
 + Level 3.7 Spellcasting
 + Level 2.0 Conjurations
 + Level 1.1 Summonings
 + Level 1.0 Translocations


You had 2 spell levels left.
You knew the following spells:

 Your Spells              Type           Power      Damage    Failure   Level
a - Magic Dart            Conj           36%        1d4       8%          1
b - Mephitic Cloud        Conj/Pois/Air  4%         N/A       38%         3
c - Conjure Flame         Conj/Fire      5%         6-21      36%         3

Your spell library contained the following spells:

 Spells                   Type           Power      Damage    Failure   Level
 Blink                    Tloc           N/A        N/A       19%         2
 Call Imp                 Summ           6%         N/A       19%         2
 Slow                     Hex            2%         N/A       28%         2


Dungeon Overview and Level Annotations

Branches:
Dungeon (2/15)

Altars:
Uskayaw

Shops:
D:2 :

Annotations:
D:2 Jessica


Innate Abilities, Weirdness & Mutations

Your serpentine skin is tough. (AC +1)
You have supernaturally acute eyesight. (SInv)
Armour fits poorly on your strangely shaped body.
Your system is resistant to poisons. (rPois)
You cover ground very slowly.
You can spit poison.
You have a snake-like lower body.


Message History

Aim: Jessica, wielding a +0 dagger and wearing a +0 robe (fast)
The splash of poison hits Jessica.
Jessica is moderately wounded.
Jessica hits you with a +0 dagger.
Casting: Magic Dart (safe; 8% risk of failure)
Confirm with . or Enter, or press ? or * to list all spells.
Aiming: Magic Dart (safe; 8% risk of failure)
Press: ? - help, Shift-Dir - straight line, f/p - Jessica
Aim: Jessica, wielding a +0 dagger and wearing a +0 robe (moderately wounded, fast, 100% to hit)
The magic dart hits Jessica but does no damage.
Jessica is moderately wounded.
Jessica gestures wildly while chanting.
Jessica blinks!
Jessica misses you.
Casting: Magic Dart (safe; 8% risk of failure)
Confirm with . or Enter, or press ? or * to list all spells.
Aiming: Magic Dart (safe; 8% risk of failure)
Press: ? - help, Shift-Dir - straight line, f/p - Jessica
Aim: Jessica, wielding a +0 dagger and wearing a +0 robe (moderately wounded, fast, 100% to hit)
The magic dart hits Jessica.
Jessica is severely wounded.
Jessica hits you with a +0 dagger!
Casting: Magic Dart (safe; 8% risk of failure)
Confirm with . or Enter, or press ? or * to list all spells.
Aiming: Magic Dart (safe; 8% risk of failure)
Press: ? - help, Shift-Dir - straight line, f/p - Jessica
Aim: Jessica, wielding a +0 dagger and wearing a +0 robe (severely wounded, fast, 100% to hit)
You miscast Magic Dart.
Nothing appears to happen.
Jessica hits you with a +0 dagger.
* * * LOW HITPOINT WARNING * * *
Jessica casts a spell at you. You resist with some effort.
Casting: Magic Dart (safe; 8% risk of failure)
Confirm with . or Enter, or press ? or * to list all spells.
Aiming: Magic Dart (safe; 8% risk of failure)
Press: ? - help, Shift-Dir - straight line, f/p - Jessica
Aim: Jessica, wielding a +0 dagger and wearing a +0 robe (severely wounded, fast, 100% to hit)
The magic dart hits Jessica.
Jessica is almost dead.
Jessica hits you with a +0 dagger.
You die...

#.....###... #...##..#
###.....#..### ## #...###.####
######.#..#.. .. #......>...#
#...##.#..##.#.# #..........#
#.#.##.#.....#.### #...)....(.#
#......#.###.)...###...†......#
#..................#..........#
#....###...##.######..........#
#[..........#..@@.............#
##...........########..........#
.....#.....#.# #..........#
###..#.....#.# ############
#........#.# ###†##.#...#.#
..†.##.#.....# ...#.....#.###
##.#.#...#.#


You could see Jessica (fast).

Vanquished Creatures
  An adder (D:2)
  4 ball pythons (D:1)
  4 endoplasms
  3 giant cockroaches (D:1)
  6 goblins
  5 hobgoblins
  3 jackals (D:2)
  3 kobolds (D:1)
  A quokka (D:1)
  2 bats
  4 frilled lizards (D:2)
  3 rats (D:1)
39 creatures vanquished.

Notes
Turn   | Place    | Note
-------+----------+-------------------------------------------
     0 | D:1      | zazu2006 the Naga Hedge Wizard began the quest for the Orb.
     0 | D:1      | Reached XP level 1. HP: 15/15 MP: 4/4
   242 | D:1      | Reached XP level 2. HP: 22/22 MP: 1/6
   555 | D:1      | Found a faded altar of an unknown god.
   930 | D:1      | Reached XP level 3. HP: 28/28 MP: 4/7
   934 | D:1      | Learned a level 3 spell: Mephitic Cloud
   938 | D:1      | Learned a level 3 spell: Conjure Flame
  1295 | D:2      | Found Yfeass's Book Shoppe.
  1321 | D:2      | Found a hide-covered altar of Uskayaw.
  1780 | D:2      | Noticed Jessica
  1792 | D:2      | Slain by Jessica

Illustrated notes

Levels and vault maps discovered:
D:1:      tarquinn_simple_flora_water_f, layout_basic,
          shapermc_ecumenical_altar_mp_vishouse, minivault_14, chequers_garden,
          minmay_strange_pillars
D:2:      layout_basic, serial_shops, shop, basic_altar, uniq_jessica

Skill      XL: |  1  2  3 |
---------------+----------+-----
Conjurations   | 2 |  2.0
Dodging        | |  1.8
Stealth        | |  3.6
Spellcasting   | |  3.7
Summonings     | |  1.1
Translocations | |  1.0

Action                   || total
-------------------------++-------
Melee: Dagger            ||    11
 Cast: Magic Dart        ||    82
 Abil: Spit Poison       ||    15
 Stab: Sleeping          ||     1
Armor: Robe              ||     4
Dodge: Dodged            ||    11

Table legend: (Time is in decaauts)
 A = Elapsed time spent in this place.
 B = Non-inter-level travel time spent in this place.
 C = Inter-level travel time spent in this place.
 D = Time resting spent in this place.
 E = Time spent auto-exploring this place.
 F = Levels seen in this place.
 G = Mean time per level.
                   A        B        C        D        E       F      G
               +--------+--------+--------+--------+--------+-----+--------+
         Total |   2094 |   2086 |      8 |     44 |   1825 |   2 | 1047.0 |
       Dungeon |   2094 |   2086 |      8 |     44 |   1825 |   2 | 1047.0 |
               +--------+--------+--------+--------+--------+-----+--------+

Top non-repeatable levels by time:
     D:1: 1517 daAuts
     D:2: 576 daAuts
